 Dungeon Crawl Stone Soup version 0.22.1-1-ga44c0e5 (webtiles) character file.

2 n0claF the Skirmisher (level 1, -3/20 HPs)
             Began as a Hill Orc Fighter on Sept 21, 2018.
             Slain by a gnoll
             ... wielding a +0 halberd
              (10 damage)
             ... on level 1 of the Dungeon.
             The game lasted 00:00:27 (205 turns).

n0claF the Skirmisher (Hill Orc Fighter)             Turns: 205, Time: 00:00:28

Health: -3/20      AC:  6    Str: 18    XL:     1   Next: 40%
Magic:  1/1        EV:  7    Int:  8    God:
Gold:   7          SH:  9    Dex: 10    Spells: 0/0 levels left

rFire    . . .     SeeInvis .   a - +0 long sword
rCold    . . .     Gourm    .   c - +0 shield
rNeg     . . .     Faith    .   b - +0 scale mail
rPois    .         Spirit   .   (no helmet)
rElec    .         Reflect  .   (no cloak)
rCorr    .         Harm     .   (no gloves)
MR       .....                  (no boots)
Stlth    ..........             (no amulet)
HPRegen  0.06/turn              (no ring)
MPRegen  0.07/turn              (no ring)

@: no status effects
A: no striking features
a: no special abilities


You were on level 1 of the Dungeon.
You were not hungry.

You visited 1 branch of the dungeon, and saw 1 of its levels.

You collected 7 gold pieces.

Inventory:

Hand Weapons
 a - a +0 long sword (weapon)
Armour
 b - a +0 scale mail (worn)
 c - a +0 shield (worn)
Potions
 d - a potion of might
Comestibles
 e - 2 rations {!d}


   Skills:
 + Level 3.7 Fighting
 + Level 2.2 Long Blades
 + Level 3.3 Armour
 + Level 3.3 Shields


You couldn't memorise any spells.
You didn't know any spells.
Your spell library was empty.

Dungeon Overview and Level Annotations

Branches:
Dungeon (1/15)

Altars:


Message History

Welcome, n0claF the Hill Orc Fighter.
Will you be the one to retrieve the fabulous Orb of Zot from the depths?
Found a staircase leading out of the dungeon.
You open the door.
There is an open door here.
As you open the door, it creaks loudly!
There is an open door here.
As you open the door, it creaks loudly!
Found 38 stones.
There is an open door here.
Found a ration.
e - 2 rations {!d} (gained 1)
Found 7 gold pieces.
You now have 7 gold pieces.
A goblin and a hobgoblin come into view.
The hobgoblin shouts!
The goblin shouts!
Found a golden potion.
A hobgoblin comes into view. It is wielding a club.
The hobgoblin shouts!
You block the goblin's attack.
You hit the goblin.
You kill the goblin!
A dart slug comes into view.
You block the hobgoblin's attack.
Found a ration.
You hit the hobgoblin. The hobgoblin hits you with a club.
You barely miss the hobgoblin.
The hobgoblin hits you but does no damage. x2
The hobgoblin hits you with a club.
A gnoll comes into view. It is wielding a halberd.
You block the hobgoblin's attack.
You hit the hobgoblin. You block the hobgoblin's attack.
The hobgoblin barely misses you.
You riposte.
Your shield prevents you from hitting the hobgoblin.
You closely miss the hobgoblin. You block the hobgoblin's attack.
The hobgoblin hits you but does no damage.
You slash the hobgoblin!
You kill the hobgoblin!
The hobgoblin hits you but does no damage.
You closely miss the hobgoblin. The hobgoblin hits you with a club.
You barely miss the hobgoblin. The hobgoblin closely misses you.
The gnoll hits you from afar with a halberd.
* * * LOW HITPOINT WARNING * * *
You block the hobgoblin's attack.
You see here a club.
You see here a ration {!d}.
You closely miss the hobgoblin.
The gnoll hits you from afar with a halberd!
Ouch! That really hurt!
You die...

..................#
#....w...........#.####
#................#.#...
#................#.....
###....)...........###...
........###......#.......
......g).######..#.###...
........g# #..........##
........@# #..........#
..........# #..........#
.......##.# #..........#
....... .. #..........#
....... #.##..........#
....... .##..........#
....... .##..........#
.... ..#..........#


You could see a gnoll, a dart slug and a hobgoblin.

Vanquished Creatures
  A goblin (D:1)
  A hobgoblin (D:1)
2 creatures vanquished.

Notes
Turn   | Place    | Note
-------+----------+-------------------------------------------
     0 | D:1      | n0claF the Hill Orc Fighter began the quest for the Orb.
     0 | D:1      | Reached XP level 1. HP: 19/19 MP: 1/1
   205 | D:1      | Slain by a gnoll

Action                   || total
-------------------------++-------
Melee: Long sword        ||     9
Armor: Scale mail        ||     4
Dodge: Dodged            ||     2
Block: Shield            ||     6
       Rpst.: Long sword ||     1
